 Dungeon Crawl Stone Soup version 0.28.0-43-g3370ac3207 (webtiles) character file.

Game seed: 17839281695784319401

126 nickcage the Cudgeller (level 5, -4/32 HPs)
             Began as a Gargoyle Fighter on Mar 8, 2022.
             Slain by an ogre
             ... wielding a +0 giant spiked club
              (25 damage)
             ... on level 2 of the Dungeon.
             The game lasted 00:07:25 (3071 turns).

nickcage the Cudgeller (Gargoyle Fighter)           Turns: 3071, Time: 00:07:25

Health: -4/32      AC: 14    Str: 22    XL:     5   Next: 10%
Magic:  5/5        EV:  9    Int:  8    God:
Gold:   64         SH:  4    Dex:  9    Spells: 4/4 levels left

rFire   . . .      SeeInvis .   a - +0 flail
rCold   . . .      Faith    .   c - +0 buckler
rNeg    + . .      Spirit   .   b - +0 scale mail
rPois   ∞          Reflect  .   e - +2 hat
rElec   +          Harm     .   i - +0 cloak
rCorr   .          Rampage  .   (no gloves)
Will    .....                   (no boots)
Stlth   ..........              (no amulet)
HPRegen 0.10/turn               (no ring)
MPRegen 0.09/turn               (no ring)

@: no status effects
A: sickness immunity, AC +4, negative energy resistance 1, electricity
resistance, torment resistance 1, petrification resistance
a: no special abilities


You were on level 2 of the Dungeon.
You visited 1 branch of the dungeon, and saw 4 of its levels.

You collected 92 gold pieces.
You spent 28 gold pieces at shops.

Inventory:

Hand Weapons
 a - a +0 flail (weapon)
Missiles
 l - 2 poisoned darts (quivered)
Armour
 b - a +0 scale mail (worn)
 c - a +0 buckler (worn)
 e - a +2 hat (worn)
 i - a +0 cloak (worn)
Scrolls
 f - a scroll of fear
 h - a scroll of amnesia
 o - a scroll of teleportation
Potions
 d - a potion of might
 g - a potion of brilliance
 k - a potion of curing {unknown}
 m - a potion of attraction {unknown}
 n - a potion of degeneration
 p - a potion of cancellation


   Skills:
 - Level 3.2 Fighting
 + Level 5.1 Maces & Flails
 - Level 3.2 Armour
 - Level 3.2 Shields


You had 4 spell levels left.
You didn't know any spells.
Your spell library contained the following spells:

 Spells                   Type           Power      Damage    Failure   Level
 Ensorcelled Hibernation  Hex/Ice        0%         N/A       92%         2
 Spider Form              Tmut/Pois      0%         N/A       99%         3
 Anguish                  Hex/Necr       0%         N/A       100%        4


Dungeon Overview and Level Annotations

Branches:
Dungeon (4/15)
 Temple: D:4-7

Altars:

Shops:
D:2 (   D:3 :


Innate Abilities, Weirdness & Mutations

You are immune to sickness and miasma.
Your stone body is resilient. (AC +4)
You are immune to poison.
You resist negative energy. (rN+)
You are resistant to electric shocks. (rElec)
You are resistant to unholy torment.
You are immune to petrification.


Message History

As you read the scroll labelled ZILUXZ KABUAH, it crumbles to dust.
Wisps of shadow whirl around you...
It was a scroll of summoning.
(D) Dungeon
Where to? (? - help)
You swap places.
You swap places.
There is a shaft here.
There is a stone staircase leading up here.
Your orc dissolves into shadows!
There is a stone staircase leading down here.
You climb downwards.
Your summoned ally is left behind.
The ogre shouts!
You hear an angry hiss.
Found a falchion.
There is a stone staircase leading up here.
There are monsters nearby!
Throw: 4 darts (poison)
Press: ? - help, Q - select action Shift-Dir - straight line, f - ogre
Aim: an ogre, wielding a +0 giant spiked club (71% to hit)
You throw a poisoned dart. The poisoned dart hits the ogre.
Throw: 3 darts (poison)
Press: ? - help, Q - select action Shift-Dir - straight line, f/p - ogre
Aim: an ogre, wielding a +0 giant spiked club (71% to hit)
You throw a poisoned dart. The poisoned dart hits the ogre.
The ogre is poisoned.
An adder comes into view.
The adder misses you. The adder barely misses you.
The ogre hits you with a +0 giant spiked club!
You climb upwards.
There is a stone staircase leading down here.
The ogre looks more healthy.
The adder bites you but does no damage.
There is an escape hatch in the ceiling here.
The ogre hits you with a +0 giant spiked club.
A mysterious force pulls you upwards. The hatch slams shut behind you.
You sock the ogre!
The ogre is severely wounded.
The ogre hits you with a +0 giant spiked club!!
Ouch! That really hurt!
You die...

.# #.# #.# .######.#####.#
.##..........(# .##.###.#####.#
.##.# #.# ##.## ##
.##.###.####...# ####.
.............#.##############...<
..#.###.####...O..............##.
..#.............@................
..##########.###.......#####.....
..# #............# #..... ..#
###.###.##..#..# #..... ..#
#...........#..# #..... ..####
#.#.###.###.#..# #.##.# .....#
#.#.# #.###.#..# #.##.# #.##.#
##.#.###........# #....#
#.##.####..#............# ######


You could see an ogre.

Vanquished Creatures
  Robin (D:2)
  3 gnolls (D:3)
  An adder (D:3)
  A worm (D:3)
  2 dart slugs
  5 bats
  5 endoplasms
  5 giant cockroaches
  11 goblins
  8 hobgoblins
  2 jackals
  5 kobolds
  4 quokkas
  2 ball pythons (D:2)
  A ball python skeleton (D:2)
  5 frilled lizards
  2 rats
63 creatures vanquished.

Notes
Turn   | Place    | Note
-------+----------+-------------------------------------------
     0 | D:1      | nickcage the Gargoyle Fighter began the quest for the Orb.
     0 | D:1      | Reached XP level 1. HP: 14/14 MP: 1/1
    83 | D:1      | Reached XP level 2. HP: 10/19 MP: 2/2
   422 | D:1      | Reached skill level 3 in Maces & Flails
   476 | D:1      | Found a faded altar of an unknown god.
   690 | D:1      | Reached XP level 3. HP: 22/23 MP: 3/3
  1142 | D:2      | You fall into a shaft and drop 1 floor!
  1160 | D:2      | Found Enipisk's Weapon Shop.
  1168 | D:2      | Bought 5 poisoned darts for 28 gold pieces
  1303 | D:2      | Identified the +2 robe of a treasure trove {rF+ rN+ Regen+}
  1318 | D:2      | Noticed Robin
  1329 | D:2      | Killed Robin
  1330 | D:2      | Reached skill level 4 in Maces & Flails
  1330 | D:2      | Reached XP level 4. HP: 6/28 MP: 4/4
  2667 | D:3      | Reached skill level 5 in Maces & Flails
  2667 | D:3      | Reached XP level 5. HP: 32/32 MP: 5/5
  2722 | D:3      | Found Lyst's Book Emporium.
  3059 | D:4      | Noticed an ogre
  3071 | D:2      | Slain by an ogre

Illustrated notes

Levels and vault maps discovered:
D:1:      wander_arrival_desolate, layout_basic,
          hellmonk_ecumenical_altar_lost_god
D:2:      minmay_chambers_of_ones, layout_loops_ring, serial_shops, shop,
          uniq_robin
D:3:      layout_loops_cross, serial_shops, nicolae_shop_statue_plus
D:4:      minmay_clustersquares, layout_basic, mainiacjoe_overflow_24_doors,
          nicolae_specific_store, serial_bayou_pond_c, abandoned_shop,
          minmay_small_thing

Skill      XL: |  1  2  3  4 |
---------------+-------------+-----
Maces & Flails | 3 4 5 |  5.1
Fighting       | |  3.2
Armour         | |  3.2
Shields        | |  3.2

Action                   |  1- 3 |  4- 6 || total
-------------------------+-------+-------++-------
Melee: Flail             |   126 |   117 ||   243
Throw: Dart              |       |     4 ||     4
  Use: Scroll            |       |    10 ||    10
Armor: Scale mail        |    65 |    65 ||   130
Dodge: Dodged            |    66 |    53 ||   119
Block: Buckler           |    20 |    16 ||    36
